 Dungeon Crawl Stone Soup version 0.26-a0-158-g66bac3cce0 (webtiles) character file.

Game seed: 11224972185901590526

21 Esekla the Grave Robber (level 3, 0/26 HPs)
             Began as a Formicid Necromancer on July 2, 2020.
             Slain by an adder (1 damage)
             ... on level 2 of the Dungeon.
             The game lasted 00:06:21 (1360 turns).

Esekla the Grave Robber (Formicid Necromancer)      Turns: 1360, Time: 00:06:21

Health: 0/26       AC:  3    Str: 10 (12) XL:     3   Next: 5%
Magic:  1/6        EV: 12    Int: 14 (15) God:
Gold:   46         SH:  0    Dex: 10 (11) Spells: 3/7 levels left

rFire    + . .     SeeInvis +   k - +0 dagger
rCold    + . .     Faith    .   (no shield)
rNeg     . . .     Spirit   .   a - +0 robe
rPois    +         Reflect  .   (helmet unavailable)
rElec    +         Harm     .   (no cloak)
rCorr    +                      b - +0 pair of gloves
MR       .....                  (no boots)
Stlth    ++........             (no amulet)
HPRegen  0.08/turn              (no ring)
MPRegen  0.10/turn              (no ring)

@: lethally poisoned (0 -> -2), resistant, lightly drained
A: permanent stasis, dig shafts and tunnels, four strong arms, antennae 3
a: Dig, Shaft Self


You were on level 2 of the Dungeon.
You were near starving.

You visited 1 branch of the dungeon, and saw 2 of its levels.

You collected 46 gold pieces.

Inventory:

Hand Weapons
 k - a +0 dagger (weapon)
 l - a +0 hand axe
Missiles
 j - 4 silver javelins (quivered)
Armour
 a - a +0 robe (worn)
 b - a +0 pair of gloves (worn)
Scrolls
 e - 3 scrolls of identify {unknown}
 g - a scroll of enchant weapon {unknown}
 o - a scroll of immolation {unknown}
 r - a scroll of amnesia {unknown}
 s - a scroll of remove curse {unknown}
Potions
 i - a potion of lignification {unknown}
 m - a potion of curing {unknown}
 n - a potion of stabbing {unknown}
 p - a potion of brilliance {unknown}
 q - a potion of ambrosia {unknown}
Comestibles
 c - 2 rations


   Skills:
 * Level 1.0(0.6) Fighting
 + Level 0.2(0.0) Short Blades
 + Level 2.0(1.6) Dodging
 + Level 2.6(2.1) Stealth
 * Level 2.5(2.0) Spellcasting
 + Level 4.2(3.8) Necromancy


You had 3 spell levels left.
You knew the following spells:

 Your Spells              Type           Power        Failure   Level  Hunger
a - Pain                  Necr           ##..         4%          1    ##.....
d - Vampiric Draining     Necr           ##........   16%         3    ####...

Your spell library contained the following spells:

 Spells                   Type           Power        Failure   Level  Hunger
 Animate Skeleton         Necr           N/A          4%          1    ##.....
 Animate Dead             Necr           N/A          45%         4    #####..
 Agony                    Necr           ##......     80%         5    ######.


Dungeon Overview and Level Annotations

Branches:
Dungeon (2/15)

Altars:


Innate Abilities, Weirdness & Mutations

You cannot be hasted, slowed, berserked, paralysed or teleported.
You can dig through walls and to a lower floor.
Your four strong arms can wield two-handed weapons with a shield.
You have a pair of large antennae on your head. (SInv)


Message History

You hit the adder.
The adder is almost dead.
The adder misses you.
You barely miss the adder.
The adder is almost dead.
* * * LOW HITPOINT WARNING * * *
You feel sick. The adder bites you.
* * * LOW HITPOINT WARNING * * *
It was a potion of degeneration.
There was something very wrong with that liquid.
You feel weakened.
You feel dopey.
You feel clumsy. The adder barely misses you.
The adder bites you but does no damage.
It was a potion of cancellation.
You feel magically purged.
Your magical contamination has completely faded away.
The adder misses you.
It was a potion of resistance.
You feel protected.
* * * LOW HITPOINT WARNING * * *
You feel sick. The adder bites you.
You die...

..(..####...$...#
.......##.#####s#
........).##
...........###
....####.....# ...##
##.##.# #### #..#### #
########.##########..#
................@Ss..#
.....###.#############
####.....# #######


You could see an adder and a giant cockroach.

Vanquished Creatures
  3 dart slugs (D:1)
  A giant cockroach (D:1)
  3 goblins
  A hobgoblin (D:1)
  2 kobolds
  4 bats (D:1)
  2 rats (D:1)
16 creatures vanquished.

Notes
Turn   | Place    | Note
-------+----------+-------------------------------------------
     0 | D:1      | Esekla the Formicid Necromancer began the quest for the
                  | Orb.
     0 | D:1      | Reached XP level 1. HP: 13/13 MP: 3/3
   284 | D:1      | Reached XP level 2. HP: 8/20 MP: 0/5
  1239 | D:1      | Reached skill level 1 in Fighting
  1306 | D:2      | Reached XP level 3. HP: 25/26 MP: 3/6
  1311 | D:2      | Learned a level 3 spell: Vampiric Draining
  1360 | D:2      | HP: 1/26 [poisoned by an adder]
  1360 | D:2      | Slain by an adder

Illustrated notes

Levels and vault maps discovered:
D:1:      tarquinn_simple_flora_water_f, layout_basic
D:2:      layout_rooms, nicolae_overflow_hidden_temple, first_ration,
          chequers_ecumenical_altar_island

Skill      XL: |  1  2 |
---------------+-------+-----
Dodging        | 2 |  2.0
Fighting       | 1 |  1.0
Short Blades   | |  0.2
Stealth        | |  2.6
Spellcasting   | |  2.5
Necromancy     | |  4.2

Action                   || total
-------------------------++-------
Melee: Dagger            ||    52
 Cast: Pain              ||    26
       Vampiric Draining ||     1
  Use: Potion            ||     3
 Stab: Sleeping          ||     1
Armor: Robe              ||    18
Dodge: Dodged            ||    42

Table legend:
 A = Non-vault XP
 B = Vault XP
 C = Vault XP percentage of total XP
 D = Non-vault monster count
 E = Vault monster count
 F = Vault count percentage of total count
                 A         B        C        D         E       F
            +---------+---------+-------+---------+---------+-------
      Total |      31 |       0 |   0.0 |      16 |       0 |   0.0
            +---------+---------+-------+---------+---------+-------
        D:1 |      28 |       0 |   0.0 |      14 |       0 |   0.0
        D:2 |       3 |       0 |   0.0 |       2 |       0 |   0.0
            +---------+---------+-------+---------+---------+-------
